 Dungeon Crawl Stone Soup version 0.23.2-40-g277498a001 (webtiles) character file.

Game seed: 6779479216697410083

12679 Htamos the Zephyrmancer (level 11, 0/67 HPs)
             Began as a Tengu Air Elementalist on Aug 30, 2019.
             Was an Elder of Vehumet.
             Slain by a red ugly thing (17 damage)
             ... on level 11 of the Dungeon.
             The game lasted 00:44:58 (19322 turns).

Htamos the Zephyrmancer (Tengu Air Elementalist)   Turns: 19322, Time: 00:44:59

Health: 0/67       AC:  6    Str:  8    XL:     11   Next: 97%
Magic:  10/23      EV: 17    Int: 20    God:    Vehumet [****..]
Gold:   986        SH:  0    Dex: 14    Spells: 9/24 levels left

rFire    . . .     SeeInvis .   m - +0 dagger (venom)
rCold    + . .     Gourm    .   (no shield)
rNeg     . . .     Faith    .   F - +2 robe {rC+}
rPois    .         Spirit   .   (helmet restricted)
rElec    .         Reflect  .   y - +0 cloak
rCorr    .         Harm     .   (no gloves)
MR       .....                  (boots unavailable)
Stlth    ++........             (no amulet)
HPRegen  0.21/turn              (no ring)
MPRegen  0.18/turn              (no ring)

@: no status effects
A: beak, talons 3, shaggy fur 1, MP-powered wands, able to fly
a: Fly, Renounce Religion


You were on level 11 of the Dungeon.
You worshipped Vehumet.
Vehumet was greatly pleased with you.
You were near starving.

You visited 2 branches of the dungeon, and saw 12 of its levels.

You collected 986 gold pieces.

Inventory:

Hand Weapons
 m - a +0 dagger of venom (weapon)
 o - a +0 dagger of venom
 w - a +4 scimitar of flaming
Armour
 a - a +0 robe
 j - a +0 leather armour
 n - the +1 robe "Jutz" {-Cast MR+ MP+9}
   (You found it on level 4 of the Dungeon)

   It affects your resistance to hostile enchantments.
   It affects your magic capacity (+9).
   It prevents spellcasting.
 y - a +0 cloak (worn)
 B - a cursed +0 scale mail
 F - a +2 robe of cold resistance (worn)
Magical Staves
 k - an uncursed staff of wizardry
Jewellery
 s - an uncursed ring of protection from cold {unknown}
 t - an uncursed ring of protection from magic {unknown}
Wands
 x - a wand of flame (16)
 D - a wand of random effects (19)
Scrolls
 e - 10 scrolls of identify
 f - 2 scrolls of enchant armour {unknown}
 i - 12 scrolls of remove curse
 l - a scroll of amnesia
 p - 4 scrolls of immolation {unknown}
 r - a scroll of magic mapping {unknown}
 A - a scroll of vulnerability {unknown}
Potions
 b - 2 potions of lignification {unknown}
 g - 3 potions of curing
 q - 2 potions of berserk rage
Miscellaneous
 H - a crystal ball of energy
Comestibles
 c - 17 rations


   Skills:
 + Level 7.5 Fighting
 + Level 8.7 Dodging
 - Level 2.0 Stealth
 + Level 7.4 Spellcasting
 + Level 10.1 Conjurations
 * Level 14.1 Air Magic


You had 9 spell levels left.
You knew the following spells:

 Your Spells              Type           Power        Failure   Level  Hunger
a - Shock                 Conj/Air       ####         1%          1    None
b - Swiftness             Chrm/Air       #####...     1%          2    None
c - Static Discharge      Conj/Air       ######..     1%          3    #......
d - Airstrike             Air            ######....   1%          4    ###....
e - Lightning Bolt        Conj/Air       ######....   1%          5    #####..

Your spell library contained the following spells:

 Spells                   Type           Power        Failure   Level  Hunger
 Irradiate                Conj/Tmut      ####......   9%          5    #####..
 Dazzling Spray           Conj/Hex       ####..       1%          3    #......
 Beastly Appendage        Tmut           #.....       9%          1    None
 Confusing Touch          Hex            #.....       9%          1    None
 Corona                   Hex            #......      9%          1    None
 Summon Butterflies       Summ           #.......     9%          1    None
 Ensorcelled Hibernation  Hex/Ice        #.....       14%         2    None
 Sticks to Snakes         Tmut           #.......     14%         2    None
 Call Canine Familiar     Summ           #.......     26%         3    #......
 Confuse                  Hex            #.......     26%         3    #......
 Gell's Gravitas          Tloc           #.........   26%         3    #......
 Spider Form              Tmut/Pois      #.........   26%         3    #......
 Tukima's Dance           Hex            #.......     26%         3    #......
 Yara's Violent Unravell  Hex/Tmut       #.........   50%         5    #####..
 Ice Form                 Ice/Tmut       #.......     65%         4    ###....
 Petrify                  Tmut/Erth      #.......     65%         4    ###....
 Summon Ice Beast         Ice/Summ       #.......     65%         4    ###....
 Blade Hands              Tmut           #.........   94%         5    #####..
 Metabolic Englaciation   Hex/Ice        #.........   94%         5    #####..
 Summon Mana Viper        Hex/Summ       #.......     94%         5    #####..
 Summon Hydra             Summ           #.........   100%        7    #######


Dungeon Overview and Level Annotations

Branches:
Dungeon (11/15)            Temple (1/1) D:5            Lair (0/6) D:10
    Orc (0/2) D:9

Altars:
Ashenzari
Cheibriados
Dithmenos
Elyvilon
Fedhas
Gozag
Hepliaklqana
Kikubaaqudgha
Makhleb
Nemelex Xobeh
Okawaru
Qazlal
Ru
Sif Muna
Trog
Uskayaw
Vehumet
Wu Jian
Xom
Yredelemnul
Zin
The Shining One

Shops:
D:10 }

Annotations:
D:4 Ijyb
D:5 Blork the orc
D:6 exclusion: 2 downstairs
D:7 exclusion: downstairs
D:10 exclusion: 2 downstairs


Innate Abilities, Weirdness & Mutations

You have a beak for a mouth.
You have claws for feet.
You can fly continuously.
You are covered in fur. (AC +1)
You expend magic power (3 MP) to strengthen your wands.


Message History

The centaur is heavily wounded.
You are near starving!
The centaur closely misses you.
Casting: Airstrike (safe; 1% risk of failure)
Confirm with . or Enter, or press ? or * to list all spells.
Aiming: Airstrike (safe; 1% risk of failure)
Press: ? - help, Dir - move target cursor, f/p - centaur
Aim: a centaur (heavily wounded)
The air twists around and strikes the centaur!
You kill the centaur!
Vehumet accepts your kill.
You feel your power returning.
An orc comes into view. It is wielding a +0 whip.
The orc hits you but does no damage.
You hit the orc but do no damage. The orc misses you.
You closely miss the orc. You claw the orc, but do no damage.
Your peck misses the orc. The red ugly thing headbutts you!
* * * LOW HITPOINT WARNING * * *
You are engulfed in flames!
You die...

(#####.#.#.............#
(#####.#.#...#.#######.####
..........................#
######.#.##.##########.#.##
.................#####.#.#
....##.#.##..........#.#.#
###..#.#..)....#.##.##.#.#
#⌠#...........##u##.##.#.#
###..#.#..######@##.##.#.#
.....#.#..# #o##.##.#.#
##...#.#.u# #.##.##.#.#
###.#.#..# #<......#.#
####.#.#..# #.#####.#.#
.......#..# ###.#####.#.##
####...#..# #............#
#.....#..# ###.#######.##
##.#...#..# ##...## #.#


You could see a red ugly thing and an orc.

Vanquished Creatures
  Erica (D:11)
  2 two-headed ogres
  Pikel (D:7)
  An ugly thing (D:11)
  An ice statue (D:10)
  Psyche (D:9)
  Grinder (D:5)
  Prince Ribbit (D:8)
  3 hippogriffs
  Sigmund (D:3)
  A spriggan (D:7)
  6 yaks
  Eustachio (D:5)
  A wyvern (D:10)
  A steam dragon (D:10)
  Menkaure (D:7)
  2 wargs (D:10)
  A water moccasin (D:7)
  3 ice beasts
  A black bear (D:10)
  6 orc warriors
  A slave (D:7)
  5 sky beasts
  2 necrophages
  3 phantoms
  7 ogres
  5 centaurs
  A crocodile (D:8)
  A big kobold (D:9)
  7 bullfrogs
  A gnoll sergeant (D:7)
  7 scorpions
  6 killer bees (D:10)
  3 howler monkeys (D:10)
  4 crimson imps
  2 bullfrog zombies
  2 jellies
  A quasit (D:8)
  Crazy Yiuf (D:7)
  4 bullfrog skeletons
  A centaur skeleton (D:10)
  7 hounds
  10 orc priests
  14 orc wizards
  Jessica (D:3)
  A gnoll shaman (D:6)
  8 worker ants
  3 iguanas
  2 hound zombies
  12 gnolls
  11 adders
  A shadow imp (D:9)
  An ooze (D:3)
  An adder skeleton (D:2)
  2 worms
  A dart slug (D:5)
  A leopard gecko (D:4)
  57 orcs
  A ball python (D:4)
  3 giant cockroaches
  10 hobgoblins
  21 jackals
  3 quokkas
  16 bats
  2 frilled lizards
  13 goblins
  A jackal zombie (D:6)
  24 kobolds
  2 quokka skeletons
  4 rats
334 creatures vanquished.

Vanquished Creatures (collateral kills)
  A centaur (D:11)
1 creature vanquished.

Vanquished Creatures (others)
  2 slaves (D:7)
  A centaur (D:11)
  An orc wizard (D:7)
  2 orcs (D:7)
  A fungus (D:7)
7 creatures vanquished.

Grand Total: 342 creatures vanquished

Notes
Turn   | Place    | Note
-------+----------+-------------------------------------------
     0 | D:1      | Htamos the Tengu Air Elementalist began the quest for the
                  | Orb.
     0 | D:1      | Reached XP level 1. HP: 10/10 MP: 4/4
   353 | D:1      | Reached XP level 2. HP: 16/16 MP: 1/6
  1005 | D:2      | Reached XP level 3. HP: 10/20 MP: 0/7
  1156 | D:2      | Reached skill level 1 in Fighting
  1544 | D:2      | Reached XP level 4. HP: 25/25 MP: 3/8
  2348 | D:3      | Learned a level 2 spell: Swiftness
  2352 | D:3      | Learned a level 3 spell: Static Discharge
  2436 | D:3      | Reached skill level 5 in Air Magic
  2764 | D:3      | Gained mutation: You can fly continuously. [Tengu growth]
  2764 | D:3      | Reached XP level 5. HP: 29/29 MP: 5/9
  2800 | D:3      | Noticed Jessica
  2904 | D:3      | Killed Jessica
  3506 | D:3      | Reached XP level 6. HP: 35/35 MP: 2/11
  3661 | D:3      | Noticed Sigmund
  3719 | D:3      | Learned a level 4 spell: Airstrike
  3746 | D:3      | Killed Sigmund
  3746 | D:3      | Reached skill level 6 in Air Magic
  4160 | D:4      | Reached XP level 7. HP: 29/40 MP: 5/13
  4728 | D:4      | Noticed Ijyb
  5056 | D:4      | Got a distressingly furry robe
  5057 | D:4      | Identified the +1 robe "Jutz" {-Cast MR+ MP+9} (You found
                  | it on level 4 of the Dungeon)
  5118 | D:4      | Reached skill level 7 in Air Magic
  5408 | D:5      | Entered Level 5 of the Dungeon
  5445 | D:6      | Noticed a yak
  5701 | D:5      | Reached XP level 8. HP: 44/46 MP: 5/14
  5781 | D:5      | Noticed Grinder
  5788 | D:5      | Paralysed by Grinder for 5 turns
  5795 | D:5      | Killed Grinder
  5795 | D:5      | Reached skill level 5 in Conjurations
  5795 | D:5      | Reached skill level 8 in Air Magic
  6053 | D:5      | Found a staircase to the Ecumenical Temple.
  6162 | Temple   | Entered the Ecumenical Temple
  6371 | Temple   | Became a worshipper of Vehumet
  6426 | D:5      | Noticed Blork the orc
  6763 | D:5      | Noticed Eustachio
  6776 | D:5      | Killed Eustachio
  6778 | D:5      | Reached skill level 5 in Dodging
  7094 | D:5      | Reached skill level 9 in Air Magic
  7703 | D:6      | Gained mutation: You are covered in fur. (AC +1) [potion of
                  | mutation]
  7703 | D:6      | Gained mutation: You expend magic power (3 MP) to
                  | strengthen your wands. [potion of mutation]
  7826 | D:6      | Reached XP level 9. HP: 32/52 MP: 7/16
  8705 | D:6      | Reached skill level 10 in Air Magic
  8764 | D:6      | Reached skill level 5 in Spellcasting
  9267 | D:6      | Found a hazy altar of Hepliaklqana.
  9339 | D:7      | Reached skill level 5 in Fighting
  9494 | D:7      | Noticed a two-headed ogre
 10123 | D:7      | Noticed Menkaure
 10128 | D:7      | Killed Menkaure
 10173 | D:7      | Reached * piety under Vehumet
 10173 | D:7      | Offered knowledge of Freeze by Vehumet.
 10270 | D:7      | Reached XP level 10. HP: 39/59 MP: 9/19
 10272 | D:7      | Reached skill level 11 in Air Magic
 10632 | D:7      | Killed a two-headed ogre
 10847 | D:7      | Found a glowing golden altar of the Shining One.
 11185 | D:7      | Noticed Pikel
 11194 | D:7      | Killed Pikel
 11698 | D:7      | Found an ancient bone altar of Kikubaaqudgha.
 11702 | D:7      | Found a burning altar of Makhleb.
 11703 | D:7      | Found a stormy altar of Qazlal.
 11704 | D:7      | Found a hide-covered altar of Uskayaw.
 11705 | D:7      | Found a bloodstained altar of Trog.
 11706 | D:7      | Found a deep blue altar of Sif Muna.
 11767 | D:7      | Reached skill level 12 in Air Magic
 11864 | D:7      | Found a runed translucent door.
 11865 | D:7      | Noticed Crazy Yiuf
 11906 | D:7      | Killed Crazy Yiuf
 12215 | D:8      | Noticed Prince Ribbit
 12218 | D:8      | Killed Prince Ribbit
 12519 | D:8      | Reached ** piety under Vehumet
 12692 | D:8      | Offered knowledge of Throw Flame by Vehumet.
 13473 | D:9      | Found a staircase to the Orcish Mines.
 13578 | D:9      | Reached XP level 11. HP: 54/66 MP: 4/21
 13686 | D:9      | Noticed Psyche
 13690 | D:9      | Killed Psyche
 13777 | D:9      | Offered knowledge of Mephitic Cloud by Vehumet.
 14129 | D:9      | Reached *** piety under Vehumet
 14449 | D:9      | Learned a level 5 spell: Lightning Bolt
 14615 | D:9      | Reached skill level 13 in Air Magic
 14862 | D:10     | Entered Level 10 of the Dungeon
 15167 | D:10     | Found a shadowy altar of Dithmenos.
 15389 | D:10     | Offered knowledge of Inner Flame by Vehumet.
 15560 | D:10     | Found a staircase to the Lair.
 16363 | D:10     | Reached **** piety under Vehumet
 16450 | D:10     | Noticed a two-headed ogre
 16540 | D:10     | Found Dauffun's Gadget Shoppe.
 16841 | D:10     | Killed a two-headed ogre
 17345 | D:10     | Offered knowledge of Irradiate by Vehumet.
 18154 | D:11     | Noticed Erica
 18160 | D:11     | Killed Erica
 18160 | D:11     | Reached skill level 10 in Conjurations
 18901 | D:11     | Reached skill level 14 in Air Magic
 19141 | D:11     | Noticed a white ugly thing
 19143 | D:11     | Noticed a green ugly thing
 19210 | D:11     | Killed a red ugly thing
 19322 | D:11     | Slain by a red ugly thing

Skill      XL: |  1  2  3  4  5  6  7  8  9 10 11 |
---------------+----------------------------------+-----
Conjurations   | 2 3 4 6 7 8 10 | 10.1
Fighting       | 1 2 3 4 5 6 7 |  7.5
Dodging        | 3 4 5 6 7 8 |  8.7
Air Magic      | 5 6 7 9 10 12 14 | 14.1
Spellcasting   | 3 4 5 6 7 |  7.4
Stealth        | |  2.0

Action                   |  1- 3 |  4- 6 |  7- 9 | 10-12 || total
-------------------------+-------+-------+-------+-------++-------
Melee: Unarmed           |     9 |    10 |       |       ||    19
       Kick              |     1 |     3 |     9 |    19 ||    32
       Staff             |       |     9 |    30 |       ||    39
       Peck              |       |     2 |     7 |    14 ||    23
       Dagger            |       |       |    19 |    82 ||   101
 Cast: Shock             |    69 |   123 |   276 |   358 ||   826
       Airstrike         |       |     2 |    24 |   147 ||   173
 Abil: Fly               |       |       |     2 |     3 ||     5
       Stop Flying       |       |       |     2 |     3 ||     5
Evoke: Box of beasts     |       |       |       |     1 ||     1
       Wand              |       |       |       |    13 ||    13
  Use: Potion            |     1 |     2 |     3 |     5 ||    11
       Scroll            |       |     9 |     5 |     4 ||    18
 Stab: Sleeping          |       |       |       |     1 ||     1
  Eat: Chunk             |     3 |     7 |     7 |    30 ||    47
       Ration            |       |     1 |     4 |     4 ||     9
Armor: Robe              |     5 |     6 |    12 |    34 ||    57
Dodge: Dodged            |    14 |    27 |   107 |   171 ||   319
